[Event "Late-Titled-Tuesday-Blitz-July-09-2024"]
[Site "Chess.com"]
[Date "2024.07.09"]
[Round "9"]
[White "Oleksandr_Bortnyk"]
[Black "OparinGrigoriy"]
[Result "0-1"]
[WhiteElo "3052"]
[BlackElo "3027"]
[TimeControl "180+1"]
[EndTime "15:42:42 PDT"]
[Termination "OparinGrigoriy won on time"]

1. e4 c6 2. c4 g6 3. Nc3 Bg7 4. d4 d6 5. Be3 Nf6 6. h3 O-O 7.
Bd3 a6 8. Nge2 b5 9. b3 b4 10.
Na4 Nbd7 11. f4 e5 12. fxe5 dxe5 13. d5 Nxe4 14. dxc6 Qh4+ 15. g3 Nxg3 16. Bf2 Nf6 17.
Bxg3 Qh5 18. Nb6 Rb8 19. Nxc8 Rbxc8 20. Qc2 e4 21. O-O-O exd3 22. Rxd3 Rxc6 23. Nf4 Qg5 24.
h4 Qg4 25. h5 Ne4 26. Nd5 Re6 27. Be1 Qg5+ 28. Bd2 Nxd2 29. Qxd2 Qe5 0-1

[Event "Late-Titled-Tuesday-Blitz-July-09-2024"]
[Site "Chess.com"]
[Date "2024.07.09"]
[Round "9"]
[White "MusicCityMaster"]
[Black "Road2GM3000"]
[Result "1-0"]
[WhiteElo "2509"]
[BlackElo "2385"]
[TimeControl "180+1"]
[EndTime "15:42:42 PDT"]
[Termination "MusicCityMaster won on time"]

1. e4 c5 2. Nf3 d6 3. d4 cxd4 4. Nxd4 Nf6 5. Nc3 a6 6. Bc4 e6 7.
Bb3 Be7 8. Qe2 O-O 9. g4 Nc6 10.
Nxc6 bxc6 11. g5 Nd7 12. h4 Bb7 13. Be3 d5 14. O-O-O Rb8 15. f4 Bc5 16. g6 Bxe3+ 17. Qxe3 hxg6 18. h5 gxh5 19. Rxh5 g6 20. Qh3 Kg7 21.
Rh7+ Kg8 22. Rh1 1-0

[Event "Late-Titled-Tuesday-Blitz-July-09-2024"]
[Site "Chess.com"]
[Date "2024.07.09"]
[Round "9"]
[White "Love7Unicorn"]
[Black "scrambleyourbrain"]
[Result "1/2-1/2"]
[WhiteElo "2593"]
[BlackElo "2383"]
[TimeControl "180+1"]
[EndTime "15:42:46 PDT"]
[Termination "Game drawn by repetition"]

1. d4 Nf6 2. c4 e6 3. g3 d5 4. Bg2 dxc4 5. Nf3 a6 6. a4 c5 7. O-O Nc6 8. dxc5 Qxd1 9. Rxd1 Bxc5 10. Nbd2 c3 11. bxc3 O-O 12. Ne1 Rd8 13. Nd3 Be7 14.
Rb1 Na5 15. Nb3 Nxb3 16. Rxb3 Rb8 17. Bf4 Bd6 18. Nc5 Nd5 19. Bxd6 Rxd6 20. c4 Rc6 21. cxd5 Rxc5 22. d6 Bd7 23. Rxb7 Rxb7 24. Bxb7 Ra5 25.
Rc1 Kf8 26. Bc8 Ke8 27. Bxd7+ Kxd7 28. Rc7+ Kxd6 29. Rxf7 Rxa4 30. Rxg7 h5 31. h4 Re4 32. e3 a5 33. Ra7 a4 34. Kg2 Kc5 35. Kf3 Rc4 36.
Ra5+ Kb4 37. Rxh5 a3 38. Rh8 Rc5 39. Rb8+ Rb5 40. Rd8 Rd5 41. Ra8 Ra5 42. Rb8+ Rb5 43.
Rc8 Rc5 44. Rb8+ Rb5 1/2-1/2

[Event "Late-Titled-Tuesday-Blitz-July-09-2024"]
[Site "Chess.com"]
[Date "2024.07.09"]
[Round "9"]
[White "Martins-BR"]
[Black "KevinGeorgeMicheal"]
[Result "1-0"]
[WhiteElo "2450"]
[BlackElo "2540"]
[TimeControl "180+1"]
[EndTime "15:42:46 PDT"]
[Termination "Martins-BR won by resignation"]

1. e4 c5 2. Nf3 Nc6 3. Nc3 e5 4. Bc4 Be7 5. d3 d6 6. Nd2 Nf6 7. Nf1 O-O 8. Ne3 Be6 9. O-O Na5 10. Ned5 a6 11. Nxf6+ Bxf6 12. Bd5 Rc8 13. b3 b5 14. Bd2 Nc6 15. f4 exf4 16. Rxf4 b4 17. Ne2 Bxa1 18. Qxa1 Bxd5 19. exd5 Ne7 20. Rg4 Ng6 21. Nf4 Qd7 22.
Rg3 Qf5 23. Rf3 Qe5 24. Qf1 Nxf4 25. Bxf4 Qxd5 26. h3 Rfe8 27. Qf2 Re6 28. Kh2 Rce8 29. Qg3 Rg6 30. Qf2 Rf6 31. h4 Qd4 32. Qg3 Rg6 33. Qh3 Re2 34. Qc8+ 1-0

[Event "Late-Titled-Tuesday-Blitz-July-09-2024"]
[Site "Chess.com"]
[Date "2024.07.09"]
[Round "9"]
[White "AlexTruskavetsky"]
[Black "mbojan"]
[Result "0-1"]
[WhiteElo "2712"]
[BlackElo "2924"]
[TimeControl "180+1"]
[EndTime "15:42:47 PDT"]
[Termination "mbojan won on time"]

1. d4 Nf6 2. c4 g6 3. Nc3 Bg7 4. e4 d6 5. f4 O-O 6. Nf3 c5 7. d5 e6 8. Bd3 exd5 9. cxd5 Re8 10. O-O Bg4 11. h3 Bxf3 12. Qxf3 Nbd7 13. Be3 a6 14. a4 Qb6 15. Rf2 Rac8 16. a5 Qd8 17. Ra4 c4 18. Bc2 Nc5 19. Rxc4 Qxa5 20. b4 Qa1+ 21. Rf1 Qb2 22.
bxc5 Qxc2 23. Rc1 Qb3 24. Ne2 Nxd5 25. exd5 Rxe3 26. Qf2 dxc5 27. d6 Qd3 28. R4c2 Rce8 29. Nc3 Qxd6 30. Kh1 b5 31. f5 c4 32. fxg6 hxg6 33. Ne2 Qe5 34. Rf1 Re7 35. Nf4 Re1 36. Rd2 Rxf1+ 37. Qxf1 Qe1 38. Rd1 Qxf1+ 39. Rxf1 c3 40.
Nd5 Rd7 41. Nb6 Rd6 42. Nc8 Re6 43. Ra1 b4 0-1

[Event "Late-Titled-Tuesday-Blitz-July-09-2024"]
[Site "Chess.com"]
[Date "2024.07.09"]
[Round "9"]
[White "mishanick"]
[Black "Boundless_Strike"]
[Result "1-0"]
[WhiteElo "3084"]
[BlackElo "2809"]
[TimeControl "180+1"]
[EndTime "15:42:50 PDT"]
[Termination "mishanick won on time"]

1. d4 e5 2. dxe5 d6 3. Nf3 Nc6 4. exd6 Bxd6 5. Nc3 Bg4 6. Nb5 Bb4+ 7. c3 Qxd1+ 8.
Kxd1 O-O-O+ 9. Ke1 Ba5 10. Be3 Nf6 11. h3 Bh5 12. g4 Bg6 13. Bg2 Rhe8 14. Rd1 Nd5 15.
Bc1 a6 16. Na3 Be4 17. Nc4 Ncb4 18. Bd2 Bd3 19. Nfe5 b5 20. cxb4 bxc4 21. Nxd3 cxd3 22. bxa5 dxe2 23. Rc1 1-0

[Event "Late-Titled-Tuesday-Blitz-July-09-2024"]
[Site "Chess.com"]
[Date "2024.07.09"]
[Round "9"]
[White "Mikhail_Golubev"]
[Black "grzechu96"]
[Result "0-1"]
[WhiteElo "2629"]
[BlackElo "2813"]
[TimeControl "180+1"]
[EndTime "15:42:50 PDT"]
[Termination "grzechu96 won by resignation"]

1. e4 c5 2. Nf3 d6 3. d4 cxd4 4. Nxd4 Nf6 5. Nc3 a6 6. Bc4 e6 7.
O-O b5 8. Bb3 Be7 9. Qf3 Qb6 10.
Be3 Qb7 11. Qg3 O-O 12. Bh6 Ne8 13. Rad1 Kh8 14. Bg5 Bxg5 15. Qxg5 h6 16. Qh4 Nc6 17. Nxc6 Qxc6 18. Qe7 Kg8 19. Rfe1 Qb6 20. Re3 g5 21.
Nd5 exd5 22. Rxd5 Ra7 23. Rxg5+ hxg5 24. Bxf7+ Rxf7 25. Qxe8+ Rf8 0-1

[Event "Late-Titled-Tuesday-Blitz-July-09-2024"]
[Site "Chess.com"]
[Date "2024.07.09"]
[Round "9"]
[White "mac0504"]
[Black "Arystanner"]
[Result "1-0"]
[WhiteElo "2775"]
[BlackElo "2876"]
[TimeControl "180+1"]
[EndTime "15:42:54 PDT"]
[Termination "mac0504 won by checkmate"]

1. c4 e5 2. Nc3 Nf6 3. e3 Bb4 4.
Nge2 O-O 5. a3 Bxc3 6. Nxc3 c6 7. d4 exd4 8. Qxd4 d5 9. Be2 Be6 10. b3 dxc4 11. bxc4 Nbd7 12. O-O c5 13. Qf4 Qb8 14. e4 Ne5 15. Nd5 Nfd7 16. Qg3 Bxd5 17. cxd5 Re8 18. f4 Ng6 19. e5 Nb6 20. Bf3 Qd8 21. d6 Rb8 22.
Bb2 Nc4 23. Bc3 Ne3 24. Qf2 Nxf1 25. Rxf1 Nxf4 26. Bg4 h5 27. Qxf4 hxg4 28. Qxf7+ Kh7 29. Rf5 Qc8 30. Rh5# 1-0

[Event "Late-Titled-Tuesday-Blitz-July-09-2024"]
[Site "Chess.com"]
[Date "2024.07.09"]
[Round "9"]
[White "Korchmar_Vasiliy"]
[Black "Fjal"]
[Result "1-0"]
[WhiteElo "2603"]
[BlackElo "2394"]
[TimeControl "180+1"]
[EndTime "15:42:59 PDT"]
[Termination "Korchmar_Vasiliy won by resignation"]

1. d4 d6 2. Nf3 Bg4 3. h3 Bxf3 4. exf3 g6 5. Bd3 Bg7 6. O-O c6 7. Re1 Nf6 8. c3 O-O 9. f4 e6 10. Nd2 d5 11. Nf3 Nbd7 12. Ne5 c5 13. Be3 Qa5 14. dxc5 Nxe5 15. fxe5 Nd7 16. Bd4 Rfc8 17. b4 Qa3 18. h4 a5 19. Qd2 axb4 20. cxb4 Ra4 21. Reb1 Bxe5 22. Bb5 Bxd4 23. Qxd4 e5 24. Qxd5 Nf6 25. Qxe5 Rxb4 26. Qxf6 Rxc5 27. Re1 Rc8 28. h5 Rxb5 29. h6 Qc3 30. Re8+ Rxe8 31. Qxc3 Rbe5 32.
g3 f6 33. Rb1 R8e7 34. Rxb7 Rxb7 35. Qc8+ Kf7 36. Qxb7+ Re7 37. Qb3+ 1-0

[Event "Late-Titled-Tuesday-Blitz-July-09-2024"]
[Site "Chess.com"]
[Date "2024.07.09"]
[Round "9"]
[White "toninhojit"]
[Black "talaicito"]
[Result "1-0"]
[WhiteElo "2499"]
[BlackElo "2328"]
[TimeControl "180+1"]
[EndTime "15:43:00 PDT"]
[Termination "toninhojit won on time"]

1. d4 e6 2. c4 f5 3. Nf3 Nf6 4. g3 Be7 5. Bg2 O-O 6. O-O d6 7. b3 a5 8. a4 Na6 9. Na3 Nb4 10.
Nc2 Nc6 11. Bb2 Nb4 12. Nxb4 axb4 13. Nd2 d5 14. Qc2 b6 15. Rac1 Ra7 16. Nf3 Bb7 17. Ne5 Bd6 18. cxd5 Nxd5 19. Nc6 Bxc6 20. Qxc6 Ra5 21.
e4 fxe4 22. Bxe4 h5 23. Rce1 h4 24. Bg2 Qf6 25. Qd7 Nf4 26. gxf4 Qxf4 27. Qxe6+ Kh8 28. Qh3 Rg5 29. Bc1 Rxg2+ 30. Kxg2 Qxd4 31. Be3 Qd5+ 32. f3 Rf6 33. Qxh4+ 1-0

[Event "Late-Titled-Tuesday-Blitz-July-09-2024"]
[Site "Chess.com"]
[Date "2024.07.09"]
[Round "9"]
[White "Mariia89"]
[Black "tandercat"]
[Result "1-0"]
[WhiteElo "2222"]
[BlackElo "1919"]
[TimeControl "180+1"]
[EndTime "15:43:00 PDT"]
[Termination "Mariia89 won on time"]

1. d4 e6 2. Nf3 f5 3. g3 Nf6 4. Bg2 d5 5. O-O Bd6 6. c4 c6 7. b3 Qe7 8. a4 a5 9. Ba3 Bb4 10.
Bxb4 axb4 11. c5 Ne4 12. Qe1 Na6 13. Ne5 O-O 14. Nd3 b6 15. cxb6 Rb8 16. a5 c5 17.
dxc5 Nexc5 18. Nxc5 Nxc5 19. Nd2 Ba6 20. Qd1 Rfc8 21. Nf3 Qf6 22. Re1 Qc3 23. Nd4 Kh8 24. Ra2 e5 25. Nxf5 d4 26. Nd6 Rf8 27. Bd5 1-0

[Event "Late-Titled-Tuesday-Blitz-July-09-2024"]
[Site "Chess.com"]
[Date "2024.07.09"]
[Round "9"]
[White "KaydenTroffChess"]
[Black "slidingknight2775"]
[Result "1-0"]
[WhiteElo "2878"]
[BlackElo "2730"]
[TimeControl "180+1"]
[EndTime "15:43:05 PDT"]
[Termination "KaydenTroffChess won by resignation"]

1. d4 Nf6 2. Nf3 e6 3. Bf4 c5 4.
e3 b6 5. Nbd2 Bb7 6. Nc4 d5 7.
Nce5 Nbd7 8. Bb5 a6 9. Ng5 axb5 10. Nexf7 Qe7 11. Nxh8 e5 12. dxe5 Nxe5 13. Nxh7 Nxh7 14. Qh5+ Nf7 15. Qxh7 Nxh8 16. Qxh8 Bc6 17. Qh5+ Kd7 18. Qf5+ Ke8 19. O-O Qf7 20. Qxf7+ Kxf7 21. a3 Be7 22. Be5 g6 23. Rad1 Ke6 24. Bc3 Ra4 25. f3 Bg5 26. Rfe1 Be7 27. Kf2 Bh4+ 28. g3 Be7 29. h4 Ra8 30. Rh1 Rf8 31. Rde1 Kd7 32. Be5 Rf5 33. Bf4 Bd8 34. g4 Rf7 35. h5 g5 36. Be5 d4 37. e4 Ke6 38. h6 Rh7 39. Bg7 Bf6 40. Bxf6 Kxf6 41. e5+ Ke6 42. Rh5 c4 43. Kg3 b4 44. axb4 b5 45. Re2 Kf7 46. e6+ Ke7 47. Re5 Ba8 48. Rexg5 Kxe6 49. Rg6+ Kf7 50.
Rg7+ Rxg7 51. hxg7 Kxg7 52. Rxb5 Bd5 53. Rxd5 c3 54.
bxc3 dxc3 1-0

[Event "Late-Titled-Tuesday-Blitz-July-09-2024"]
[Site "Chess.com"]
[Date "2024.07.09"]
[Round "9"]
[White "swayamsm"]
[Black "pirulillo"]
[Result "1-0"]
[WhiteElo "2621"]
[BlackElo "2440"]
[TimeControl "180+1"]
[EndTime "15:43:09 PDT"]
[Termination "swayamsm won by resignation"]

1. d4 Nf6 2. c4 g6 3. Nc3 Bg7 4. e4 d6 5. Be2 O-O 6. Be3 e5 7. d5 c6 8. Qd2 cxd5 9. cxd5 Nbd7 10. h4 Nc5 11. f3 h5 12. Nh3 a6 13. Ng5 b5 14. b4 Na4 15. Nxa4 bxa4 16. Rc1 Bd7 17. O-O Qb8 18. Rc2 Rc8 19. Rfc1 Bf8 20. Rxc8 Bxc8 21. Qc3 Be7 22. Qc7 Qxc7 23. Rxc7 Nd7 24.
g4 Bd8 25. Rc6 Rb8 26. a3 Bb6 27. Bxb6 Nxb6 28. Rxd6 hxg4 29. fxg4 Bd7 30. h5 Bb5 31. Bxb5 axb5 32. hxg6 fxg6 33. Rxg6+ Kf8 34. Rf6+ Ke8 35. Re6+ Kf8 36. Rxe5 Nc4 37. Rf5+ Kg8 38. Rf3 Rc8 39. Ne6 Nd2 40. Rf4 Rc3 41. d6 Rxa3 42. d7 Rd3 1-0

[Event "Late-Titled-Tuesday-Blitz-July-09-2024"]
[Site "Chess.com"]
[Date "2024.07.09"]
[Round "9"]
[White "petr577"]
[Black "Antek_Radzimski"]
[Result "0-1"]
[WhiteElo "2418"]
[BlackElo "2566"]
[TimeControl "180+1"]
[EndTime "15:43:11 PDT"]
[Termination "Antek_Radzimski won on time"]

1. d4 Nf6 2. c4 e6 3. Nf3 Bb4+ 4. Bd2 a5 5. Nc3 O-O 6. e3 d5 7. Bd3 b6 8. cxd5 exd5 9. O-O Bb7 10. Ne5 Be7 11. f4 c5 12. Rc1 Nc6 13. Nb5 c4 14.
Bb1 Rc8 15. Qf3 Ba6 16. Nc3 b5 17. g4 b4 18. Ne2 Ne4 19. Be1 Nxe5 20. fxe5 Ng5 21.
Qg2 Ne6 22. Nf4 c3 23. Rf3 cxb2 24. Qxb2 Nxf4 25. exf4 Qb6 26. Bf2 Rxc1+ 27. Qxc1 Rc8 28. Qd2 Qc6 29. Bd3 Bxd3 30. Rxd3 Qc1+ 31. Kg2 Qb1 32. f5 Rc2 33. Qe3 Bh4 34. Rd2 Qxa2 35. Bxh4 Rxd2+ 36. Kf3 Qa3 0-1

[Event "Late-Titled-Tuesday-Blitz-July-09-2024"]
[Site "Chess.com"]
[Date "2024.07.09"]
[Round "9"]
[White "mortngabriel"]
[Black "Djager97"]
[Result "1/2-1/2"]
[WhiteElo "2473"]
[BlackElo "2631"]
[TimeControl "180+1"]
[EndTime "15:43:12 PDT"]
[Termination "Game drawn by repetition"]

1. e4 e5 2. Nc3 Nf6 3. Bc4 Nc6 4.
d3 Bc5 5. f4 exf4 6. Bxf4 d6 7.
Nf3 O-O 8. Qd2 Nd4 9. Nxd4 Bxd4 10. O-O-O c6 11. Ne2 Be5 12. Bg5 h6 13. Bf4 b5 14.
Bb3 a5 15. a3 b4 16. a4 Be6 17. Bxe6 fxe6 18. Bxe5 dxe5 19. b3 Nd7 20. Qe3 Qe7 21.
Rhf1 c5 22. Qh3 Rxf1 23. Rxf1 Nb8 24. Qh5 Nc6 25. Qg6 Nd4 26. Nxd4 cxd4 27. Qg3 Qc7 28. Qg6 Qe7 29. Qg3 Qd6 30. Qg6 Qe7 1/2-1/2

[Event "Late-Titled-Tuesday-Blitz-July-09-2024"]
[Site "Chess.com"]
[Date "2024.07.09"]
[Round "9"]
[White "AlexanderMatlak"]
[Black "Navyblue1"]
[Result "1-0"]
[WhiteElo "2500"]
[BlackElo "2126"]
[TimeControl "180+1"]
[EndTime "15:43:13 PDT"]
[Termination "AlexanderMatlak won by resignation"]

1. c4 Nf6 2. Nf3 d5 3. cxd5 Nxd5 4. Nc3 Nb6 5. g3 g6 6. Bg2 Bg7 7. h4 h5 8. Ng5 O-O 9. O-O c5 10. a4 N6d7 11. a5 Na6 12. Qb3 Nf6 13. d3 Nc7 14.
Be3 Na6 15. Rfc1 e5 16. Nce4 Nxe4 17. Bxe4 Qe7 18. Bxg6 Rb8 19. Bxh5 b6 20. axb6 Rxb6 21. Qa3 Be6 22. Bxc5 Nxc5 23. Qxc5 Qxc5 24. Rxc5 Rxb2 25. Nxe6 fxe6 26. Rxa7 Rb1+ 27. Kg2 e4 28. Rg5 1-0

[Event "Late-Titled-Tuesday-Blitz-July-09-2024"]
[Site "Chess.com"]
[Date "2024.07.09"]
[Round "9"]
[White "baki83"]
[Black "BogdanDeac"]
[Result "0-1"]
[WhiteElo "2827"]
[BlackElo "2964"]
[TimeControl "180+1"]
[EndTime "15:43:14 PDT"]
[Termination "BogdanDeac won by resignation"]

1. e4 e5 2. Nf3 Nc6 3. Bb5 a6 4. Ba4 Nf6 5. O-O Nxe4 6. d4 b5 7. Bb3 d5 8. dxe5 Be6 9. c3 Bc5 10. Nbd2 O-O 11. Bc2 Nxf2 12. Rxf2 Bxf2+ 13. Kxf2 f6 14. Kg1 fxe5 15. Nf1 Bg4 16. Bb3 Bxf3 17. gxf3 Ne7 18.
Bg5 c6 19. Bc2 Qd6 20. Ng3 Ng6 21. Qd3 Rf7 22. Rf1 Raf8 23. h4 e4 24. Nxe4 Qe5 25.
Bb3 h6 26. Rf2 hxg5 27. Nxg5 Qe1+ 28. Qf1 Qxf1+ 29. Kxf1 0-1

[Event "Late-Titled-Tuesday-Blitz-July-09-2024"]
[Site "Chess.com"]
[Date "2024.07.09"]
[Round "9"]
[White "ExchangeAB"]
[Black "Snowball-03"]
[Result "1-0"]
[WhiteElo "2486"]
[BlackElo "2597"]
[TimeControl "180+1"]
[EndTime "15:43:14 PDT"]
[Termination "ExchangeAB won on time"]

1. d4 Nf6 2. Nf3 g6 3. g3 Bg7 4. Bg2 O-O 5. O-O d6 6. b3 c5 7.
dxc5 Ne4 8. c3 Nxc5 9. Bb2 Nc6 10. Qc1 Bd7 11. c4 Bxb2 12. Qxb2 a5 13. Nc3 Rb8 14.
a4 Ne6 15. Rad1 Nb4 16. Nd4 Nxd4 17. Rxd4 Qb6 18. Rfd1 Rbc8 19. Qa1 Nc2 20. Nd5 Qd8 21.
Qc3 Nxd4 22. Qxd4 Bc6 23. h4 Bxd5 24. Bxd5 b6 25. Rd3 e6 26. Bf3 d5 27. cxd5 exd5 28. Bxd5 Qe7 29. e4 Rc1+ 30. Kg2 Rfc8 31. Rf3 Rf8 32. Qxb6 Qe5 33. Qf6 Qxf6 34. Rxf6 Rb8 35. Rxf7 Kh8 36. Ra7 Rc2 37. Rxa5 Rf8 38. Ra8 1-0

[Event "Late-Titled-Tuesday-Blitz-July-09-2024"]
[Site "Chess.com"]
[Date "2024.07.09"]
[Round "9"]
[White "Payyappat"]
[Black "GlavkonVVS"]
[Result "0-1"]
[WhiteElo "2418"]
[BlackElo "2577"]
[TimeControl "180+1"]
[EndTime "15:43:15 PDT"]
[Termination "GlavkonVVS won on time"]

1. e4 Nf6 2. e5 Nd5 3. c4 Nb6 4. c5 Nd5 5. Nc3 e6 6. Nxd5 exd5 7. d4 b6 8. cxb6 axb6 9. f4 Be7 10. Nf3 O-O 11.
Bd3 Ba6 12. O-O c6 13. f5 f6 14. Qc2 Bxd3 15. Qxd3 Na6 16. Bd2 Nc7 17. g4 fxe5 18.
dxe5 Ra4 19. h3 h5 20. f6 Bc5+ 21. Kh1 Ne6 22. Qg6 Qe8 23. gxh5 Qxg6 24. hxg6 gxf6 25.
b3 Re4 26. Bh6 Ng7 27. exf6 Rxf6 28. Ng5 Rxf1+ 29. Rxf1 Rh4 30. Bxg7 Kxg7 31. Kg2 Kxg6 32. Nf7 Re4 33. Nd8 Be7 34. Nf7 Re2+ 35. Kf3 Re4 36. Kg3 Bf6 0-1

[Event "Late-Titled-Tuesday-Blitz-July-09-2024"]
[Site "Chess.com"]
[Date "2024.07.09"]
[Round "9"]
[White "Byniolus"]
[Black "Chigorinetz"]
[Result "1-0"]
[WhiteElo "2804"]
[BlackElo "2618"]
[TimeControl "180+1"]
[EndTime "15:43:16 PDT"]
[Termination "Byniolus won by checkmate"]

1. d4 d5 2. Nf3 Nc6 3. Bf4 Bg4 4. Nbd2 e6 5. h3 Bh5 6. c3 Bd6 7. Bxd6 cxd6 8. Qb3 Rb8 9. e3 Nf6 10. Be2 O-O 11. O-O b5 12. Rfc1 Qb6 13. Qd1 Rfc8 14. b4 a5 15. a3 h6 16. Rab1 Bg6 17. Rb2 Qa7 18. a4 axb4 19. axb5 bxc3 20. Rxc3 Ne7 21.
Qc1 Rxc3 22. Qxc3 Qa1+ 23. Kh2 Rc8 24. Qb4 Rc1 25. Nf1 Rxf1 26. Bxf1 Qxf1 27. b6 Ne4 28. b7 Nc6 29. Qa4 Qc4 30. Qxc6 Qxc6 31. b8=Q+ Kh7 32.
Qf8 Nf6 33. Rb8 Bh5 34. Nh4 Ne8 35. Rxe8 f5 36. Qh8# 1-0

[Event "Late-Titled-Tuesday-Blitz-July-09-2024"]
[Site "Chess.com"]
[Date "2024.07.09"]
[Round "9"]
[White "merinasian"]
[Black "Meri-Arabidze"]
[Result "0-1"]
[WhiteElo "2462"]
[BlackElo "2685"]
[TimeControl "180+1"]
[EndTime "15:43:16 PDT"]
[Termination "Meri-Arabidze won by resignation"]

1. d4 Nf6 2. Nf3 e6 3. g3 b6 4.
Bg2 Bb7 5. O-O Be7 6. c4 O-O 7. d5 exd5 8. Nh4 c6 9. cxd5 Nxd5 10. Nf5 Nf6 11. e4 d5 12. e5 Ne8 13. Nc3 Bc8 14. Nxe7+ Qxe7 15. Re1 Nc7 16. f4 Be6 17. Qf3 f5 18.
exf6 Qxf6 19. b3 Nd7 20. Bb2 Qf7 21. Re2 Nf6 22. h3 Rae8 23. Rae1 d4 24. Ne4 Bd5 25.
Nxf6+ Qxf6 26. Qh5 Rxe2 27. Rxe2 Bxg2 28. Kxg2 c5 29. Re5 Ne6 30. Qe2 Nd8 31. b4 Nf7 32. Re6 Qf5 33. bxc5 bxc5 34. Ba3 d3 35. Re8 dxe2 0-1

[Event "Late-Titled-Tuesday-Blitz-July-09-2024"]
[Site "Chess.com"]
[Date "2024.07.09"]
[Round "9"]
[White "HaryKane"]
[Black "Alexander_Khlebovich"]
[Result "1-0"]
[WhiteElo "2610"]
[BlackElo "2775"]
[TimeControl "180+1"]
[EndTime "15:43:18 PDT"]
[Termination "HaryKane won by resignation"]

1. d4 Nf6 2. e3 g6 3. f4 Bg7 4. Nf3 O-O 5. Bd3 d6 6. e4 c5 7. dxc5 Qa5+ 8. c3 Qxc5 9. Qe2 Nc6 10. Be3 Qa5 11. O-O Ng4 12. Bc1 Bd7 13. h3 Qb6+ 14.
Kh1 Nf6 15. Be3 Qc7 16. Na3 a6 17. Rae1 b5 18. Nc2 Nh5 19. Qf2 Na5 20. Bb6 Ng3+ 21.
Kg1 Qb7 22. Bxa5 Nxf1 23. Bxf1 Be6 24. Ncd4 Bxa2 25. b3 e5 26. Qxa2 exd4 27. cxd4 Rfe8 28. Bd3 Rac8 29. Bb4 Qb6 30. e5 dxe5 31. fxe5 Bxe5 32. Nxe5 Qxd4+ 33. Qf2 Qxb4 34. Qxf7+ Kh8 35. Nxg6+ hxg6 36. Rxe8+ Rxe8 37. Qxe8+ Kg7 38. Qxg6+ Kf8 39. Qf5+ Kg7 40.
Qg4+ Qxg4 41. hxg4 Kf6 42. Kf2 Ke5 43. Ke3 a5 44. Bxb5 1-0

[Event "Late-Titled-Tuesday-Blitz-July-09-2024"]
[Site "Chess.com"]
[Date "2024.07.09"]
[Round "9"]
[White "Proteuo"]
[Black "Millerkallpa"]
[Result "1-0"]
[WhiteElo "2437"]
[BlackElo "2257"]
[TimeControl "180+1"]
[EndTime "15:43:19 PDT"]
[Termination "Proteuo won on time"]

1. e4 e6 2. d4 d5 3. Nd2 h6 4.
Ngf3 Nf6 5. e5 Nfd7 6. c4 c5 7.
cxd5 exd5 8. Bd3 Nc6 9. e6 fxe6 10. Bg6+ Ke7 11. O-O Nf6 12. dxc5 Bd7 13. Re1 Be8 14. Bf5 Bd7 15. Qe2 Qc8 16. Nh4 Nd4 17. Ng6+ Ke8 18.
Qe5 Nxf5 19. Nxh8 Ne7 20. Nf3 Qxc5 21. Bxh6 Nc6 22. Qg3 gxh6 23. Qg6+ Ke7 24. Qf7+ Kd8 25. Qxf6+ Be7 26. Qxh6 Kc7 27. Rac1 Qb6 28. Qg7 Bd6 29.
Nf7 Be7 30. N7e5 Re8 31. Qf7 1-0

[Event "Late-Titled-Tuesday-Blitz-July-09-2024"]
[Site "Chess.com"]
[Date "2024.07.09"]
[Round "9"]
[White "jk13"]
[Black "jbking07"]
[Result "0-1"]
[WhiteElo "2669"]
[BlackElo "2489"]
[TimeControl "180+1"]
[EndTime "15:43:20 PDT"]
[Termination "jbking07 won by resignation"]

1. e4 c5 2. c3 Nf6 3. e5 Nd5 4. Bc4 Nb6 5. Bb3 Nc6 6. Nf3 d5 7. exd6 Qxd6 8. Qe2 e6 9. O-O Be7 10. d4 cxd4 11. Rd1 O-O 12. cxd4 Nd5 13. Nc3 b6 14. h4 Bb7 15. Nxd5 exd5 16. Bg5 Bxg5 17. hxg5 Rae8 18. Qd2 Na5 19. Bc2 Nc4 20. Qd3 g6 21. Rab1 Bc8 22. Qc3 Bg4 23. Re1 Bxf3 24. Qxf3 Nd2 25. Qd3 Nxb1 26.
Rxb1 Qf4 27. Bb3 Qxg5 28. g3 Re7 29. Qb5 Qf6 30. Qxd5 Re2 31. Rf1 Rd2 32. Qb7 Qxd4 33. Qxa7 Rxb2 34. Qb7 Qf6 35. Kg2 Re8 36. Bc4 Rd8 37.
Bd5 Rd2 38. Bb3 Kg7 39. Qc7 R8d7 40. Qc8 Re7 41. Bc4 Rc2 42. Qa6 Qd4 43. Qb5 Rxc4 0-1

[Event "Late-Titled-Tuesday-Blitz-July-09-2024"]
[Site "Chess.com"]
[Date "2024.07.09"]
[Round "9"]
[White "fugadelafuga"]
[Black "karinachess1"]
[Result "0-1"]
[WhiteElo "2461"]
[BlackElo "2679"]
[TimeControl "180+1"]
[EndTime "15:43:20 PDT"]
[Termination "karinachess1 won by resignation"]

1. c4 e6 2. Nf3 Nf6 3. b3 d5 4.
Bb2 Be7 5. e3 Nbd7 6. Be2 b6 7.
cxd5 exd5 8. O-O O-O 9. d4 c5 10. dxc5 bxc5 11. Nc3 Bb7 12. Rc1 Rc8 13. Na4 Ne4 14. Ne5 Bd6 15. Nxd7 Qxd7 16. Bd3 Qe7 17. Qg4 f5 18. Qh3 Rce8 19. Bxe4 fxe4 20. Ba3 Bc8 21. Qh5 Rf5 22. Qe2 Qh4 23. g3 Qh3 24. Bxc5 Rh5 25. f4 exf3 26. Rxf3 Bg4 27. Rcf1 Bxc5 28. Nxc5 Bxf3 29.
Rxf3 Rhe5 30. Nd3 Re4 31. Nf4 Qd7 32. Qd3 d4 33. exd4 Rxd4 34. Qa6 Rd1+ 35. Kg2 Rd2+ 36. Kg1 Re1+ 37. Rf1 Qd4+ 38. Kh1 Rxf1+ 39. Qxf1 Rd1 0-1

[Event "Late-Titled-Tuesday-Blitz-July-09-2024"]
[Site "Chess.com"]
[Date "2024.07.09"]
[Round "9"]
[White "stollenmonster"]
[Black "Keaton87"]
[Result "0-1"]
[WhiteElo "2845"]
[BlackElo "2666"]
[TimeControl "180+1"]
[EndTime "15:43:24 PDT"]
[Termination "Keaton87 won by resignation"]

1. e4 c5 2. Nf3 d6 3. d4 cxd4 4. Nxd4 Nf6 5. Nc3 g6 6. g3 Nc6 7. Nde2 Bg7 8. Bg2 Be6 9. Nd5 O-O 10. h3 Bxd5 11. exd5 Ne5 12. a4 Rc8 13. Ra2 a6 14.
O-O b5 15. axb5 axb5 16. b3 Ra8 17. Rxa8 Qxa8 18. Be3 Rc8 19. Qd2 Qa2 20. Nd4 Rc5 21. Bh6 Bxh6 22. Qxh6 Nxd5 23. f4 Qb2 24. Rd1 Ne3 25.
fxe5 Nxd1 26. Nf3 Rxc2 27. Bf1 Rc3 28. Nd2 Re3 29. e6 fxe6 0-1

[Event "Late-Titled-Tuesday-Blitz-July-09-2024"]
[Site "Chess.com"]
[Date "2024.07.09"]
[Round "9"]
[White "Chessbard1972"]
[Black "falzehope0"]
[Result "0-1"]
[WhiteElo "2266"]
[BlackElo "2449"]
[TimeControl "180+1"]
[EndTime "15:43:25 PDT"]
[Termination "falzehope0 won by checkmate"]

1. d4 e6 2. c4 d5 3. Nc3 f5 4.
g3 c6 5. Bg2 Bd6 6. Nh3 Nf6 7.
Bf4 Be7 8. O-O O-O 9. Bxb8 Rxb8 10. Nf4 Bd7 11. b3 Ne4 12. Rc1 Qa5 13. Nxe4 fxe4 14. Qc2 Qd8 15. e3 Bd6 16. f3 g5 17. Ne2 exf3 18.
Bxf3 Qe7 19. e4 e5 20. exd5 exd4 21. Kh1 Qe3 22. Be4 Bh3 23. Rxf8+ Rxf8 24. Ng1 Bg4 25. dxc6 d3 26. Bxd3 Bc5 27. Bxh7+ Kh8 28. Qe4 Qxc1 29.
Qe5+ Kxh7 30. Qxc5 Bf3# 0-1

[Event "Late-Titled-Tuesday-Blitz-July-09-2024"]
[Site "Chess.com"]
[Date "2024.07.09"]
[Round "9"]
[White "JEHUBNER"]
[Black "SocoLoco"]
[Result "1-0"]
[WhiteElo "2028"]
[BlackElo "2087"]
[TimeControl "180+1"]
[EndTime "15:43:27 PDT"]
[Termination "JEHUBNER won by checkmate"]

1. e4 c5 2. c3 d5 3. exd5 Qxd5 4.
d4 cxd4 5. cxd4 e6 6. Nf3 Nf6 7. Nc3 Qd6 8. Bd3 Be7 9. O-O O-O 10. Ne4 Nxe4 11. Bxe4 Nc6 12. Be3 Rd8 13. a3 Bd7 14. Qe2 Bf6 15. Rfd1 Rab8 16. d5 exd5 17. Rxd5 Qe6 18.
Bf4 Be8 19. Qd3 Rbc8 20. Re1 Qg4 21. Bc1 g6 22. h3 Rxd5 23. Bxd5 Qd7 24. Qe4 Rd8 25.
Ba2 Kg7 26. Qe2 Nd4 27. Nxd4 Bxd4 28. Qd2 f6 29. Qh6+ Kh8 30. Qf8# 1-0